 Dungeon Crawl Stone Soup version 0.31-a0-152-g6aa68a64a1 (webtiles) character file.

Game seed: 5436728314947923484

77 qw the Shooter (level 4, -1/28 HPs)
             Began as a Gargoyle Hunter on June 10, 2023.
             Slain by a black bear (2 damage)
             ... on level 4 of the Dungeon.
             The game lasted 00:00:40 (2220 turns).

qw the Shooter (Gargoyle Hunter)                    Turns: 2220, Time: 00:00:40

Health: -1/28      AC:  8    Str: 14 (15) XL:     4   Next: 33%
Magic:  4/4        EV: 11    Int:  8 (9)  God:
Gold:   78         SH:  0    Dex: 14 (15) Spells: 3/3 levels left

rFire   . . .        Y - +4 sling (freeze)
rCold   . . .        (no shield)
rNeg    + . .        c - +0 leather armour
rPois   inf          f - +0 helmet
rElec   +            j - +0 cloak
rCorr   .            (no gloves)
SInv    .            (no boots)
Will    .....        (no amulet)
Stlth   +            (no ring)
HPRegen 0.24/turn    (no ring)
MPRegen 0.09/turn

%: no passive effects
@: about to teleport
A: sickness immunity, AC +3, negative energy resistance 1, electricity
resistance, torment resistance 1, petrification resistance
a: no special abilities


You were on level 4 of the Dungeon.
You visited 2 branches of the dungeon, and saw 5 of its levels.

You collected 168 gold pieces.
You spent 90 gold pieces at shops.


Innate Abilities, Weirdness & Mutations

You are immune to sickness and miasma.
Your stone body is resilient. (AC +3)
You are immune to poison.
You resist negative energy. (rN+)
You are resistant to electric shocks. (rElec)
You are resistant to unholy torment.
You are immune to petrification.


   Skills:
 - Level 3.1 Fighting
 + Level 5.1 Ranged Weapons
 - Level 1.0 Armour
 - Level 1.5 Dodging
 - Level 1.1 Stealth


You had 3 spell levels left.
You didn't know any spells.
Your spell library was empty.

Inventory:

Hand Weapons
 a - a +0 shortbow
 Y - a +4 sling of freezing (weapon)
Armour
 c - a +0 leather armour (worn)
 f - a +0 helmet (worn)
 j - a +0 cloak (worn)
Wands
 k - a wand of digging (4)
Scrolls
 h - a scroll of identify
Potions
 b - a potion of haste
 d - 4 potions of curing
 e - 2 potions of heal wounds
 i - a potion of lignification

Dungeon Overview and Level Annotations

Branches:
Dungeon (4/15)             Temple (1/1) D:4

Altars:
Ashenzari
Cheibriados
Dithmenos
Elyvilon
Fedhas
Gozag
Hepliaklqana
Sif Muna
Trog
Wu Jian
Xom
Yredelemnul
Zin

Shops:
D:3 (

Annotations:
D:3 1 transporter, qw's ghost, amateur NaHu


Message History

The sling bullet hits the black bear but does no damage.
The black bear is moderately wounded.
You shoot a sling bullet.
The sling bullet barely misses the black bear.
You shoot a sling bullet.
The sling bullet barely misses the black bear.
The black bear bites you.
The black bear claws you but does no damage.
The black bear closely misses you.
You shoot a sling bullet.
The sling bullet barely misses the black bear.
The black bear bites you. The black bear claws you.
The black bear barely misses you.
You shoot a sling bullet. The sling bullet hits the black bear.
The sling bullet freezes the black bear.
The black bear is heavily wounded.
The black bear bites you but does no damage.
The black bear claws you but does no damage.
The black bear barely misses you.
The black bear bites you but does no damage.
The black bear claws you but does no damage.
The black bear closely misses you.
You shoot a sling bullet.
The sling bullet completely misses the black bear.
The black bear bites you. The black bear completely misses you.
The black bear misses you.
You shoot a sling bullet. The sling bullet hits the black bear.
The sling bullet freezes the black bear.
The black bear is almost dead.
The black bear goes berserk!
You shoot a sling bullet.
The sling bullet closely misses the black bear.
The black bear bites you. The black bear completely misses you.
The black bear barely misses you. The black bear bites you.
The black bear claws you. x2
2220 ||| READING scroll of teleportation.
As you read the scroll of teleportation, it crumbles to dust.
You feel strangely unstable. The black bear misses you.
The black bear claws you.
You die...

#### .... ####
# #. #####.###
......h@#
#####.#.# ###
.. #.# ..##
...
#.#####..###
#..
#..........#
.#
#..##...##.#
#..##...##.###
#............#
#.....>....#.#


You could see a black bear (berserk).

Vanquished Creatures
  4 adders
  A dart slug (D:2)
  4 ball pythons
  2 bats (D:2)
  4 endoplasms
  A giant cockroach (D:1)
  9 goblins
  A hobgoblin (D:1)
  2 quokkas (D:1)
  2 kobolds
  7 rats
37 creatures vanquished.

Notes
Turn   | Place    | Note
-------+----------+-------------------------------------------
     0 | D:1      | qw the Gargoyle Hunter began the quest for the Orb.
     0 | D:1      | Reached XP level 1. HP: 12/12 MP: 1/1
     0 | D:1      | 0 ||| qw: Version: 0.2-a-123-gb51047a
     0 | D:1      | 0 ||| qw: Game counter: 3810
     0 | D:1      | 0 ||| qw: Always use a shield: true
     0 | D:1      | 0 ||| qw: God list: Okawaru
     0 | D:1      | 0 ||| qw: Allow faded altars: false
     0 | D:1      | 0 ||| qw: Do Orc after D:15 true
     0 | D:1      | 0 ||| qw: Do second Lair branch before Depths: true
     0 | D:1      | 0 ||| qw: Lair rune preference: random
     0 | D:1      | 0 ||| qw: Plans: Normal, Zot:1-4, Slime:5, God:TSO, Crypt,
                  | Tomb, Abyss, Pan, Hells, Win
     0 | D:1      | 0 ||| PLANNING D:1-11
    37 | D:1      | Found a faded altar of an unknown god.
   115 | D:1      | Reached XP level 2. HP: 17/17 MP: 2/2
   323 | D:1      | 323 ||| SWAPPING to +4 sling of freezing.
   508 | D:1      | 508 ||| UPGRADING to +0 helmet.
   513 | D:1      | 513 ||| UPGRADING to +0 cloak.
   518 | D:1      | 518 ||| READING 2 scrolls labelled HAETUE YFUIDWE.
   519 | D:1      | 519 ||| READING scroll labelled ZAZETHRI POZXIV.
   520 | D:1      | 520 ||| READING 2 scrolls labelled OHEB APPYREKAK LUR.
   521 | D:1      | 521 ||| READING scroll labelled ODOYCUCUQI.
   525 | D:1      | 525 ||| READING scroll labelled CEITHR NYAT.
   526 | D:1      | 526 ||| READING scroll labelled DEHEID LACW.
   537 | D:1      | 537 ||| DROPPING scroll of butterflies.
   538 | D:1      | 538 ||| DROPPING scroll of magic mapping.
   557 | D:2      | 557 ||| STAIRDANCE
   572 | D:2      | 572 ||| STAIRDANCE
   576 | D:1      | Reached XP level 3. HP: 18/21 MP: 3/3
   717 | D:2      | Reached skill level 5 in Ranged Weapons
   940 | D:2      | 940 ||| DROPPING ring of magical power.
   941 | D:2      | 941 ||| DRINKING 2 pink potions.
   942 | D:2      | 942 ||| DRINKING 2 cyan potions.
   943 | D:2      | 943 ||| READING 3 scrolls of identify.
   943 | D:2      | 943 ||| IDENTIFYING bubbling black potion
   944 | D:2      | 944 ||| DROPPING potion of enlightenment.
   977 | D:3      | Found a snail-covered altar of Cheibriados.
  1033 | D:3      | Found an opulent altar of Gozag.
  1096 | D:3      | Reached skill level 3 in Fighting
  1153 | D:3      | Reached skill level 1 in Armour
  1153 | D:3      | Reached XP level 4. HP: 28/28 MP: 4/4
  1278 | D:3      | Found Zin's Purification Station.
  1286 | D:3      | Found a glowing silver altar of Zin.
  1289 | D:3      | 1289 ||| BUYING potion of curing (90 gold).
  1289 | D:3      | Bought a potion of curing for 90 gold pieces
  1472 | D:3      | Found a transporter.
  1473 | D:3      | Noticed qw's ghost (amateur NaHu)
  1476 | D:3      | Noticed an ogre
  1479 | D:3      | Identified the +6 giant club of Magnificence {drain, rElec
                  | rC+ Will+}
  1479 | D:3      | Noticed an ogre
  1566 | D:3      | Found Fuul's Antique Weapon Shop.
  1570 | D:3      | 1570 ||| SHOPLISTING orcbow (84 gold, have 30).
  1594 | D:3      | Found a broken altar of Ashenzari.
  1810 | D:3      | 1810 ||| READING scroll labelled CURUHI BUGARIDGH.
  1811 | D:3      | 1811 ||| READING scroll labelled LEDEAJUCVI.
  1812 | D:3      | 1812 ||| DRINKING 2 glowing purple potions.
  1852 | D:3      | 1852 ||| DRINKING 2 gluggy clear potions.
  1853 | D:3      | 1853 ||| READING 3 scrolls of identify.
  1853 | D:3      | 1853 ||| IDENTIFYING emerald potion
  1854 | D:3      | 1854 ||| READING 2 scrolls of identify.
  1854 | D:3      | 1854 ||| IDENTIFYING murky brown potion
  1855 | D:3      | 1855 ||| DROPPING potion of degeneration.
  1856 | D:3      | 1856 ||| DROPPING potion of brilliance.
  1977 | D:4      | Found a staircase to the Ecumenical Temple.
  1978 | D:4      | 1978 ||| PLANNING TEMPLE
  1987 | Temple   | Entered the Ecumenical Temple
  2194 | Temple   | 2194 ||| PLANNING D:1-11
  2209 | D:4      | Noticed a black bear
  2219 | D:4      | HP: 6/28 [black bear (5)]
  2219 | D:4      | HP: 1/28 [black bear (5)]
  2220 | D:4      | 2220 ||| READING scroll of teleportation.
  2220 | D:4      | Slain by a black bear

Levels and vault maps discovered:
D:1:      sevenhm_arrival_forest_fort_small_6, layout_basic,
          dreamdust_ecumenical_altar_sealed_demon
D:2:      layout_basic, minmay_misc_feat_cross
D:3:      layout_loops_corners, mainiacjoe_overflow_boulevard, zin_purify,
          lemuel_crystal_altar, mainiacjoe_overflow_catwalk, serial_shops,
          nicolae_shop_back_alley_shop, gammafunk_ghost_smash
D:4:      layout_basic, minmay_temple_entry_stoned_glass, kennysheep_crisscross,
          sigmund_army, uniq_blork_the_orc
Temple:   jpeg_temple_island

Skill      XL: |  1  2  3 |
---------------+----------+-----
Ranged Weapons | 5 |  5.1
Fighting       | 3 |  3.1
Armour         | 1 |  1.0
Dodging        | |  1.5
Stealth        | |  1.1

Action                     |  1- 3 |  4- 6 || total
---------------------------+-------+-------++-------
   Fire: Shortbow          |    32 |       ||    32
         Sling             |    43 |    18 ||    61
    Use: Scroll            |     7 |     5 ||    12
         Potion            |     2 |     2 ||     4
 Armour: Leather armour    |     9 |     5 ||    14
  Dodge: Dodged            |    15 |     9 ||    24

Table legend:
 A = Non-vault XP
 B = Vault XP
 C = Vault XP percentage of total XP
 D = Non-vault monster count
 E = Vault monster count
 F = Vault count percentage of total count
                 A         B        C        D         E       F
            +---------+---------+-------+---------+---------+-------
      Total |     110 |       0 |   0.0 |      37 |       0 |   0.0
            +---------+---------+-------+---------+---------+-------
        D:1 |      29 |       0 |   0.0 |      17 |       0 |   0.0
        D:2 |      28 |       0 |   0.0 |       9 |       0 |   0.0
        D:3 |      50 |       0 |   0.0 |       9 |       0 |   0.0
        D:4 |       3 |       0 |   0.0 |       2 |       0 |   0.0
            +---------+---------+-------+---------+---------+-------
